 Dungeon Crawl Stone Soup version 0.29.1-2-gbd0b4ee654 (webtiles) character file.

Game seed: 13445437420193976640

42 croobank the Caller (level 3, -7/24 HPs)
             Began as a Demonspawn Summoner on Nov 3, 2022.
             Killed by nerve-wracking pain
             ... invoked by Grinder
              (12 damage)
             ... on level 3 of the Dungeon.
             The game lasted 00:03:25 (1485 turns).

croobank the Caller (Demonspawn Summoner)           Turns: 1485, Time: 00:03:25

Health: -7/24      AC:  8    Str:  8    XL:     3   Next: 35%
Magic:  2/6        EV: 12    Int: 18    God:
Gold:   91         SH:  0    Dex: 13    Spells: 3/6 levels left

rFire   . . .      SeeInvis .   f - +5 dagger (drain)
rCold   . . .      Faith    .   (no shield)
rNeg    . . .      Spirit   .   a - +0 robe
rPois   .          Reflect  .   (helmet restricted)
rElec   .          Harm     .   (no cloak)
rCorr   .          Rampage  .   (no gloves)
Will    .....                   (no boots)
Stlth   ++........              (no amulet)
HPRegen 0.08/turn               (no ring)
MPRegen 0.10/turn               (no ring)

@: sanguine armoured
A: antennae 1, sanguine armour 1
a: no special abilities


You were on level 3 of the Dungeon.
You visited 1 branch of the dungeon, and saw 3 of its levels.

You collected 91 gold pieces.

Inventory:

Hand Weapons
 e - a +0 whip
 f - a +5 dagger of draining (weapon)
Missiles
 c - 5 atropa-tipped darts
Armour
 a - a +0 robe (worn)
Scrolls
 g - a scroll of vulnerability {unknown}
 h - a scroll of teleportation {unknown}
 i - a scroll of blinking {unknown}
 j - a scroll of amnesia {unknown}
 k - a scroll of identify {unknown}
Potions
 b - a potion of magic


   Skills:
 + Level 2.2 Dodging
 + Level 2.3 Stealth
 + Level 2.4 Spellcasting
 + Level 4.3 Summonings


You had 3 spell levels left.
You knew the following spells:

 Your Spells              Type           Power      Damage    Failure   Level
a - Summon Small Mammal   Summ           68%        N/A       3%          1
b - Call Imp              Summ           17%        N/A       4%          2

Your spell library contained the following spells:

 Spells                   Type           Power      Damage    Failure   Level
 Call Canine Familiar     Summ           17%        N/A       9%          3
 Summon Guardian Golem    Hex/Summ       10%        N/A       22%         3
 Summon Lightning Spire   Summ/Air       10%        N/A       56%         4
 Conjure Ball Lightning   Conj/Air       1%         3x3d6     100%        6
 Discord                  Hex            1%         N/A       100%        8
 Disjunction              Tloc           1%         N/A       100%        8


Dungeon Overview and Level Annotations

Branches:
Dungeon (3/15)

Altars:

Shops:
D:2 (

Annotations:
D:3 Grinder


Innate Abilities, Weirdness & Mutations

You have a pair of small antennae on your head.
When seriously injured, your blood forms armour. (AC +6)


Message History

Confirm with . or Enter, or press ? or * to list all spells.
You miscast Summon Small Mammal.
You are very lightly contaminated with residual magic.
Nothing appears to happen.
Your quokka bites the kobold.
The kobold dies!
Your crimson imp blinks!
Your quokka bites Grinder.
Your quokka bites Grinder.
Grinder closely misses you.
You hit Grinder but do no damage.
Grinder is lightly wounded.
Your quokka barely misses Grinder.
Your quokka closely misses Grinder.
Grinder hits you.
You closely miss Grinder.
Grinder is lightly wounded.
Your quokka barely misses Grinder.
Grinder hits you but does no damage.
Your crimson imp misses Grinder.
You closely miss Grinder.
Grinder is lightly wounded.
Your quokka bites Grinder.
Your crimson imp closely misses Grinder.
Grinder barely misses you.
You barely miss Grinder.
Grinder is lightly wounded.
Your quokka bites Grinder but does no damage.
Your crimson imp hits Grinder but does no damage.
Grinder hits you!
Your blood congeals into armour.
You writhe in agony.
* * * LOW HITPOINT WARNING * * *
Your magical contamination has completely faded away.
Okay, then.
Okay, then.
As you read the scroll labelled YCEANU FARUPH, it crumbles to dust.
Your body is wracked with pain!
* * * LOW HITPOINT WARNING * * *
Your quokka convulses!
It was a scroll of torment.
Your quokka bites Grinder.
Your crimson imp hits Grinder.
Grinder gestures at you. Pain shoots through your body!
Ouch! That really hurt!
You die...

..5.... .....(.
....... .....g.
.......## .......{#
# #####+#.#.#
...######r#†..####
........@55.......>
...######.########.
#.# ... .....
..$.... .r...####
......#


You could see Grinder (resistant, ally target), a friendly crimson imp
(summoned) and a friendly quokka (summoned).

Vanquished Creatures
  An adder (D:2)
  A worm (D:2)
  3 ball pythons
  2 endoplasms (D:2)
  2 giant cockroaches (D:2)
  A goblin (D:2)
  A quokka (D:2)
  2 bats (D:1)
  3 frilled lizards
  2 rats (D:1)
18 creatures vanquished.

Vanquished Creatures (collateral kills)
  2 endoplasms (D:1)
  A giant cockroach (D:1)
  A hobgoblin (D:3)
  A jackal (D:2)
  2 kobolds
  A ball python (D:1)
  2 bats (D:1)
10 creatures vanquished.

Grand Total: 28 creatures vanquished

Notes
Turn   | Place    | Note
-------+----------+-------------------------------------------
     0 | D:1      | croobank the Demonspawn Summoner began the quest for the
                  | Orb.
     0 | D:1      | Reached XP level 1. HP: 13/13 MP: 3/3
   284 | D:1      | Found a faded altar of an unknown god.
   302 | D:1      | Gained mutation: You have a pair of small antennae on your
                  | head. [demonic ancestry]
   302 | D:1      | Reached XP level 2. HP: 5/19 MP: 1/5
   305 | D:1      | Learned a level 2 spell: Call Imp
  1148 | D:2      | Gained mutation: When seriously injured, your blood forms
                  | armour. (AC +6) [demonic ancestry]
  1148 | D:2      | Reached XP level 3. HP: 21/24 MP: 4/6
  1353 | D:2      | Found Qielav's Weapon Boutique.
  1462 | D:3      | Noticed Grinder
  1485 | D:3      | Killed from afar by Grinder

Illustrated notes

Levels and vault maps discovered:
D:1:      minmay_arrival_hallway, layout_rooms,
          shapermc_ecumenical_altar_notcrosses
D:2:      layout_rooms, serial_shops, nicolae_shop_bloodbath_and_beyond,
          minmay_heptomino_o4
D:3:      layout_basic, nicolae_overflow_crystal_walls, old_standard_altar,
          hex_tiny, minmay_misc_feat_pillars, nicolae_figureground_sparkle,
          uniq_grinder, uniq_jessica

Skill      XL: |  1 |
---------------+----+-----
Stealth        | 2 |  2.3
Dodging        | 2 |  2.2
Spellcasting   | |  2.4
Summonings     | |  4.3

Action                   || total
-------------------------++-------
Melee: Unarmed           ||     7
       Punch             ||     1
       Dagger            ||    43
       Whip              ||     1
 Cast: Summon Small Mamm ||    20
       Call Imp          ||     1
  Use: Scroll            ||     1
 Stab: Distracted        ||     1
       Sleeping          ||     2
Armor: Robe              ||     6
Dodge: Dodged            ||    35
